 Dungeon Crawl Stone Soup version 0.30.1-11-g7821555f0a (webtiles) character file.

Game seed: 17504637042847528516

34658 monsoonserge the Marksspriggan (level 13, -18/70 HPs)
             Began as a Spriggan Hunter on Nov 3, 2023.
             Was a High Priest of Okawaru.
             Demolished by a warg (25 damage)
             ... on level 2 of the Orcish Mines on Nov 4, 2023.
             The game lasted 00:54:38 (17365 turns).

monsoonserge the Marksspriggan (Spriggan Hunter)   Turns: 17365, Time: 00:54:39

Health: -18/70     AC:  4    Str:  7    XL:     13   Next: 43%
Magic:  19/19      EV: 36    Int: 10    God:    Okawaru [*****.]
Gold:   1626       SH:  6    Dex: 24    Spells: 12/12 levels left

rFire   + . .        T - +4 hand crossbow (heavy)
rCold   + . .        E - +0 buckler
rNeg    . . .        x - +2 robe {Will+}
rPois   .            (helmet restricted)
rElec   .            N - scarf {rC+ rF+}
rCorr   .            (gloves unavailable)
SInv    +            (boots unavailable)
Will    +++..        z - amulet of regeneration
Stlth   +++          f - +5 ring of evasion
HPRegen 1.11/turn    I - +5 ring of evasion
MPRegen 0.16/turn

%: no passive effects
@: very quick
A: very small, no large weapons, unfitting armour, see invisible, speed 3
a: Renounce Religion, Heroism, Finesse, Duel


You were on level 2 of the Orcish Mines.
You worshipped Okawaru.
Okawaru was extremely pleased with you.
You visited 4 branches of the dungeon, and saw 18 of its levels.
You also visited: Sewer and Bailey.

You collected 1808 gold pieces.
You spent 182 gold pieces at shops.

Inventory:

Hand Weapons
 T - a +4 heavy hand crossbow (weapon)
Missiles
 j - 28 poisoned darts
 F - 6 throwing nets
 R - an atropa-tipped dart
Armour
 l - the +2 robe of Recklessness {-Tele rElec rF+ Str+3}
   (You found it on level 2 of the Dungeon)

   Str:       It affects your strength (+3).
   rF:        It protects you from fire.
   rElec:     It insulates you from electricity.
   -Tele:     It prevents most forms of teleportation.
 x - a +2 robe of willpower (worn)
 E - a +0 buckler (worn)
 N - a scarf of resistance (worn)
 V - the +1 robe of Bright Brilliance {rN+ Str+4 Int-5}
   (Okawaru gifted it to you on level 3 of the Lair of Beasts)

   Str:       It affects your strength (+4).
   Int:       It affects your intelligence (-5).
   rN:        It protects you from negative energy.
 W - a +2 robe of the Archmagi
Magical Staves
 r - a staff of air
 D - a staff of conjuration
Jewellery
 f - a +5 ring of evasion (left hand)
 z - an amulet of regeneration (around neck)
 C - an amulet of magic regeneration
 I - a +5 ring of evasion (right hand)
Wands
 h - a wand of light (16)
 A - a wand of polymorph (13)
 G - a wand of roots (9)
 J - a wand of mindburst (9)
 L - a wand of flame (28)
 S - a wand of paralysis (4)
 U - a wand of digging (4)
Scrolls
 a - a scroll of fog {unknown}
 b - 2 scrolls of immolation
 d - 3 scrolls of torment
 g - a scroll of silence
 k - 3 scrolls of enchant armour
 n - 10 scrolls of teleportation {unknown}
 o - 11 scrolls of poison
 p - 3 scrolls of amnesia
 v - a scroll of magic mapping
 y - 3 scrolls of fear
 B - 5 scrolls of blinking
 Q - a scroll of vulnerability
Potions
 c - 2 potions of invisibility
 e - 10 potions of heal wounds
 i - 4 potions of brilliance {unknown}
 m - 2 potions of flight
 q - 2 potions of berserk rage {unknown}
 s - 8 potions of haste
 t - 8 potions of mutation
 u - 8 potions of curing
 w - 5 potions of resistance
 H - 3 potions of ambrosia
 K - 2 potions of lignification {unknown}
 M - 2 potions of might {unknown}
 O - a potion of magic {unknown}
 P - 3 potions of cancellation {unknown}


   Skills:
 + Level 9.0 Fighting
 + Level 17.1 Ranged Weapons
 + Level 9.5 Dodging
 + Level 4.7 Stealth
 * Level 3.1 Shields
 * Level 7.1 Invocations
 + Level 6.7 Evocations


You had 12 spell levels left.
You didn't know any spells.
Your spell library contained the following spells:

 Spells                   Type           Power      Damage    Failure   Level
 Freeze                   Ice            0%         1d3       52%         1
 Shock                    Conj/Air       0%         1d3       52%         1
 Frozen Ramparts          Ice            0%         1d1       87%         3
 Hailstorm                Conj/Ice       0%         3d3       87%         3
 Swiftness                Air            0%         N/A       87%         3
 Volatile Blastmotes      Fire/Tloc      0%         2d10      87%         3
 Airstrike                Air            0%         2d(0-16)  99%         4
 Fulminant Prism          Conj/Hex       0%         3d5       99%         4
 Iskenderun's Mystic Bla  Conj/Tloc      0%         2d3       99%         4
 Petrify                  Tmut/Erth      0%         N/A       99%         4
 Blade Hands              Tmut           0%         N/A       100%        5
 Lee's Rapid Deconstruct  Erth           0%         3d4*      100%        5
 Metabolic Englaciation   Hex/Ice        0%         N/A       100%        5
 Iron Shot                Conj/Erth      0%         9d1       100%        6
 Statue Form              Tmut/Erth      0%         N/A       100%        6
 Animate Armour           Summ/Erth      Unusable   N/A       N/A         4

Dungeon Overview and Level Annotations

Branches:
Dungeon (12/15)            Temple (1/1) D:7            Lair (3/5) D:9
  Swamp (0/4) Lair:3       Spider (0/4) Lair:2          Orc (2/2) D:11
    Elf (0/3) Orc:2         Sewer (visited)          Bailey (visited)

Altars:
Ashenzari
Cheibriados
Dithmenos
Elyvilon
Fedhas
Gozag
Hepliaklqana
Kikubaaqudgha
Makhleb
Nemelex Xobeh
Okawaru
Qazlal
Ru
Sif Muna
Trog
Uskayaw
Vehumet
Wu Jian
Xom
Yredelemnul
Zin
The Shining One
Jiyva

Shops:
D:2 ?   D:4 [   Orc:2 !*!!

Annotations:
D:8 Maurice
Lair:1 exclusion: oklob plant
Orc:2 1 transporter, Laveh's ghost, journeyman MiFi


Innate Abilities, Weirdness & Mutations

You are very small and have problems with some larger weapons.
You are too small for most types of armour.
You have supernaturally acute eyesight. (SInv)
You cover ground extremely quickly. (Speed+++)


Message History

a +0 dire flail; a +0 plate armour You now have 1626 gold pieces (gained 24).
Items here: )) [[ †.
Partly explored, unvisited transporter.
Partly explored, unvisited transporter.
The moth of wrath's fur bristles in rage as it notices you.
The warg howls!
You hear a howl! x3
The warg howls!
You hear a howl!
The moth of wrath's fur bristles in rage as it notices you.
You hear a howl!
There is a transporter here.
You enter the transporter and appear at another place.
The moth of wrath goads the warg on!
The warg goes berserk!
You block the warg's attack.
The moth of wrath goads something on!
Laveh's ghost hits you!! You block the warg's attack.
You hear a howl!
Laveh's ghost hits you!
You shoot a bolt. The bolt hits the warg.
The warg is lightly wounded.
The warg misses you. The warg completely misses you. The warg bites you.
You block the warg's attack.
The moth of wrath goads the warg on!
The warg goes berserk!
The warg misses you. Laveh's ghost hits you!!
* * * LOW HITPOINT WARNING * * *
You block the warg's attack. The warg completely misses you.
The moth of wrath goads something on!
Aiming: Duel (38% risk of failure)
Press: ? - help, Dir - move target, f - moth of wrath, p - warg
Aim: a moth of wrath You fail to use your ability.
The warg completely misses you. The warg closely misses you.
The warg misses you. You block the warg's attack.
You block Laveh's ghost's attack. The warg closely misses you.
The moth of wrath goads the warg on!
The warg goes berserk!
The warg closely misses you.
Aiming: Duel (38% risk of failure)
Press: ? - help, Dir - move target, f/p - moth of wrath
Aim: a moth of wrath You fail to use your ability.
The warg completely misses you. x2
The warg misses you. The warg bites you!!
You die...

##### ### #########
####.#.####.####..#...##
##.#......#...##.........
##..........#..#..........
#####...............#.........
#.....####©###................
##.#####..###.##...............
#..#....#....h.##..............
#.##...#...#hh@.#..............
###.#......#hy##Wh#..............
#.#.#..##..©..#yhh#..............
....#.....#h....#.##.............
#...##.##..h###....#.............
#.#..#...?$!)).#..##.............
.....##..#####.h###..............
......####.©.####................
.................................


You could see 2 moths of wrath, 7 wargs and Laveh's ghost.

Vanquished Creatures
  An orc warlord (D:11)
  A hydra (Lair:3)
  2 two-headed ogres (D:11)
  A death yak (Lair:3)
  3 orc high priests
  Nergalle (Lair:2)
  5 bog bodies (Lair:3)
  5 orc knights
  Pikel (D:5)
  6 orc sorcerers
  A cyclops (Orc:2)
  A black mamba (Lair:1)
  3 cane toads
  2 rime drakes (Lair:3)
  7 komodo dragons
  3 trolls
  4 blink frogs (Lair:3)
  Prince Ribbit (D:9)
  3 slime creatures (D:11)
  Sigmund (D:4)
  3 wraiths
  2 steam dragons
  4 redbacks (Lair:2)
  24 yaks
  Grum (D:9)
  8 vampire mosquitoes
  2 acid dragons
  A swamp worm (Lair:3)
  2 wargs
  7 water moccasins
  13 orc warriors
  2 sky beasts (D:7)
  A black bear (D:6)
  4 ice beasts
  9 wolves
  9 ogres
  3 centaurs
  4 lemures (D:5)
  A phantom (D:6)
  3 kobold brigands
  Blork the orc (D:5)
  11 bullfrogs
  4 scorpions
  4 gnoll sergeants
  13 wights
  9 killer bees (D:9)
  6 howler monkeys
  6 electric eels
  A jelly (D:5)
  15 orc priests
  11 hounds
  A gnoll bouda (D:7)
  2 sleepcaps
  4 iguanas
  4 hell rats (Lair:1)
  19 orc wizards
  33 gnolls
  17 adders
  5 river rats
  A white imp (D:6)
  An ufetubus (D:5)
  7 worms
  A dart slug (D:3)
  64 orcs
  15 ball pythons
  3 bats
  5 endoplasms
  7 giant cockroaches
  2 goblins (D:1)
  13 hobgoblins
  7 jackals
  18 kobolds
  3 quokkas
  6 frilled lizards
  30 rats
504 creatures vanquished.

Vanquished Creatures (others)
  An orc (D:7)
1 creature vanquished.

Grand Total: 505 creatures vanquished

Notes
Turn   | Place    | Note
-------+----------+-------------------------------------------
     0 | D:1      | monsoonserge the Spriggan Hunter began the quest for the
                  | Orb.
     0 | D:1      | Reached XP level 1. HP: 10/10 MP: 2/2
    89 | D:1      | Reached XP level 2. HP: 13/15 MP: 3/3
   389 | D:1      | Reached XP level 3. HP: 18/18 MP: 4/4
   710 | D:2      | Identified the +2 robe of Recklessness {-Tele rElec rF+
                  | Str+3}
   873 | D:2      | Reached skill level 5 in Ranged Weapons
  1016 | D:2      | Reached XP level 4. HP: 19/23 MP: 5/5
  1047 | D:2      | Found Huonuxeq's Magic Scroll Shoppe.
  1068 | D:2      | Bought a scroll of poison for 40 gold pieces
  1581 | D:3      | Identified the +0 leather armour "Tegefa" {rPois Dex-4
                  | Stlth+}
  1598 | D:3      | Reached XP level 5. HP: 27/27 MP: 6/6
  1731 | D:3      | Reached skill level 6 in Ranged Weapons
  1788 | D:3      | Found a glowing drain.
  1823 | Sewer    | Entered a sewer
  2018 | Sewer    | Reached XP level 6. HP: 32/32 MP: 7/7
  2120 | Sewer    | Reached skill level 7 in Ranged Weapons
  2597 | D:3      | Reached XP level 7. HP: 33/36 MP: 8/8
  3136 | D:4      | Found Aryn Jist's Armour Emporium.
  3220 | D:4      | Noticed Sigmund
  3236 | D:4      | Killed Sigmund
  3237 | D:4      | Reached skill level 8 in Ranged Weapons
  4031 | D:5      | Entered Level 5 of the Dungeon
  4201 | D:5      | Noticed Pikel
  4392 | D:5      | Killed Pikel
  4393 | D:5      | Reached skill level 9 in Ranged Weapons
  4393 | D:5      | Reached XP level 8. HP: 42/42 MP: 9/9
  4658 | D:5      | Noticed Blork the orc
  4682 | D:5      | Killed Blork the orc
  4713 | D:5      | Found a hazy altar of Hepliaklqana.
  4716 | D:5      | Found a sacrificial altar of Ru.
  4720 | D:5      | Found a burning altar of Makhleb.
  4720 | D:5      | Found a white marble altar of Elyvilon.
  4720 | D:5      | Found a glowing golden altar of the Shining One.
  4720 | D:5      | Found a broken altar of Ashenzari.
  4721 | D:5      | Found a shimmering blue altar of Sif Muna.
  4722 | D:5      | Found an ancient bone altar of Kikubaaqudgha.
  4723 | D:5      | Found a basalt altar of Yredelemnul.
  4724 | D:5      | Found a sparkling altar of Nemelex Xobeh.
  4744 | D:5      | Reached skill level 10 in Ranged Weapons
  5687 | D:6      | Found a shimmering altar of Xom.
  5687 | D:6      | Noticed an angel
  5852 | D:5      | Reached XP level 9. HP: 39/46 MP: 10/10
  5880 | D:6      | Found a glowing silver altar of Zin.
  6268 | D:6      | Reached skill level 11 in Ranged Weapons
  6268 | D:6      | Reached skill level 5 in Dodging
  6529 | D:6      | Found an ornate altar of the Wu Jian Council.
  6654 | D:6      | Reached skill level 5 in Fighting
  6711 | D:6      | Identified the +0 ring mail of a wizard's laboratory {rPois
                  | Stlth+}
  7270 | D:7      | Found a staircase to the Ecumenical Temple.
  7279 | Temple   | Entered the Ecumenical Temple
  7404 | Temple   | Became a worshipper of Warmaster Okawaru
  7723 | D:7      | Reached skill level 12 in Ranged Weapons
  8373 | D:8      | Noticed Maurice
  8532 | D:8      | Reached * piety under Okawaru
  8554 | D:8      | Reached XP level 10. HP: 47/53 MP: 11/11
  8970 | D:9      | Noticed Prince Ribbit
  8986 | D:9      | Killed Prince Ribbit
  9013 | D:9      | Reached skill level 13 in Ranged Weapons
  9108 | D:8      | Reached ** piety under Okawaru
  9150 | D:9      | Noticed Grum
  9184 | D:9      | Killed Grum
  9216 | D:9      | Found a flagged portal.
  9216 | D:9      | Found the +5 Force Lance {heavy, knockback}
  9239 | Bailey   | Entered a bailey
  9454 | Bailey   | Noticed an orc knight
  9493 | Bailey   | Killed an orc knight
  9494 | Bailey   | Reached skill level 1 in Evocations
  9663 | D:9      | Reached skill level 1 in Invocations
  9743 | D:9      | Reached skill level 14 in Ranged Weapons
  9937 | D:9      | Reached *** piety under Okawaru
 10004 | D:9      | Reached XP level 11. HP: 58/58 MP: 13/13
 10277 | D:9      | Found a staircase to the Lair.
 10822 | D:10     | Entered Level 10 of the Dungeon
 10953 | D:10     | Reached **** piety under Okawaru
 11967 | D:11     | Noticed a two-headed ogre
 11970 | D:11     | Killed a two-headed ogre
 11970 | D:11     | Reached ***** piety under Okawaru
 11971 | D:11     | Reached skill level 15 in Ranged Weapons
 12247 | D:11     | Noticed a two-headed ogre
 12278 | D:11     | Killed a two-headed ogre
 12326 | D:11     | Found a staircase to the Orcish Mines.
 12590 | D:11     | Received a gift from Okawaru
 12950 | Lair:1   | Entered Level 1 of the Lair of Beasts
 13026 | Lair:1   | Identified the +7 shortbow of the Known World {flame, Fly}
                  | (Okawaru gifted it to you on level 1 of the Lair of Beasts)
 13026 | Lair:1   | Received a gift from Okawaru
 13035 | Lair:1   | Identified a scroll of acquirement
 13037 | Lair:1   | Acquired a +0 heavy hand crossbow
 13106 | Lair:1   | Reached XP level 12. HP: 25/64 MP: 16/16
 13171 | Lair:1   | Reached skill level 5 in Invocations
 13971 | Lair:2   | Noticed Nergalle
 14103 | Lair:2   | Reached skill level 1 in Shields
 14141 | Lair:2   | Reached skill level 16 in Ranged Weapons
 14196 | Lair:2   | Found a hole to the Spider Nest.
 14479 | Lair:2   | Killed Nergalle
 14787 | Lair:3   | Found a glowing golden altar of the Shining One.
 14819 | Lair:3   | Noticed an eight-headed hydra
 14853 | Lair:3   | Killed an eight-headed hydra
 14853 | Lair:3   | Identified the +1 robe of Bright Brilliance {rN+ Str+4
                  | Int-5} (Okawaru gifted it to you on level 3 of the Lair of
                  | Beasts)
 14853 | Lair:3   | Received a gift from Okawaru
 14966 | Lair:3   | Reached skill level 5 in Evocations
 15200 | Lair:3   | Found a staircase to the Swamp.
 15264 | Lair:3   | Noticed a death yak
 15265 | Lair:3   | Noticed a death yak
 15266 | Lair:3   | Noticed a death yak
 15266 | Lair:3   | Noticed a death yak
 15267 | Lair:3   | Noticed a death yak
 15268 | Lair:3   | Noticed a death yak
 15280 | Lair:3   | Killed a death yak
 15533 | Orc:1    | Entered Level 1 of the Orcish Mines
 15719 | Orc:1    | Noticed an orc warlord
 15839 | D:11     | Killed an orc warlord
 15840 | D:11     | Reached XP level 13. HP: 69/69 MP: 18/18
 16022 | Orc:2    | Entered Level 2 of the Orcish Mines
 16192 | Orc:2    | Found a staircase to the Elven Halls.
 16793 | Orc:2    | Received a gift from Okawaru
 16850 | Orc:2    | Reached skill level 17 in Ranged Weapons
 17048 | Orc:2    | Found a transporter.
 17107 | Orc:2    | Found a transporter.
 17158 | Orc:2    | Found Ajatuaj's Distillery.
 17158 | Orc:2    | Found Feage Qekixt's Distillery.
 17159 | Orc:2    | Found Sugum's Distillery.
 17159 | Orc:2    | Found Duorph's Assorted Antiques.
 17180 | Orc:2    | Bought a glowing orange potion for 27 gold pieces
 17180 | Orc:2    | Bought a glowing orange potion for 27 gold pieces
 17182 | Orc:2    | Bought a potion of mutation for 88 gold pieces
 17311 | Orc:2    | Noticed Laveh's ghost (journeyman MiFi)
 17365 | Orc:2    | Demolished by a warg

Illustrated notes

Levels and vault maps discovered:
D:1:      psy_arrival_radial01, layout_basic
D:2:      layout_basic, serial_shops, shop, serial_bayou_ford_a
D:3:      layout_loops_cross, lightli_sewer_entry_pipes
D:4:      layout_layer_cave, nicolae_stop_n_shop_2, moated_statue,
          dreamdust_gnoll_farm, uniq_sigmund
D:5:      layout_basic, minitemple, serial_co_window_serial,
          co_window_of_opportunity_a, co_window_paths_b, co_window_paths_a,
          co_window_paths_a, co_window_paths_a, co_window_unsneaky_path_e,
          co_window_corner_ca, co_window_of_opportunity_b,
          co_window_of_opportunity_c, co_window_corner_b, co_window_paths_e,
          co_window_4corner_b, glass_columns_c, glass_columns_a, kennysheep_nub,
          chequers_serial_rivers_room_b, uniq_blork_the_orc, uniq_pikel
D:6:      minmay_skewed_foursquare, layout_cave_pods,
          grunt_temple_overflow_order_and_chaos_1, nzn_wu_jian_contemplation
D:7:      layout_loops_ring, minmay_temple_entry_drinking_statues,
          chequers_serial_rivers_micro_c, eino_curves_02, nicolae_water_bricks,
          chequers_jeans
D:8:      layout_loops_cross, kennysheep_small_square, uniq_maurice
D:9:      kennysheep_housing_project, layout_rooms,
          grunt_lair_entry_orc_guard_hut, enter_bailey_2, fountainhead,
          fountainhead, uniq_grum, uniq_prince_ribbit1
D:10:     layout_loops_corners, kennysheep_cross_bottleneck
D:11:     layout_rooms, orc_0_dummy
D:12:     layout_layer_cave, uniq_josephine, uniq_urug
Temple:   pf_slimified_temple
Lair:1:   layout_big_grid
Lair:2:   layout_gridlike, spider_nest_entry_webs, serial_bayou,
          serial_bayou_lake_a, serial_bayou_pond_a, serial_bayou_pond_e,
          serial_bayou_crossing, serial_bayou_shore_a, uniq_nergalle
Lair:3:   layout_misc_corridors, nicolae_swamp_entry_splash_gauntlet,
          basic_altar
Orc:1:    layout_caves
Orc:2:    st_orc_elflike, layout_diamond_mine, gammafunk_ghost_berserking_beasts

Skill      XL: |  1  2  3  4  5  6  7  8  9 10 11 12 13 |
---------------+----------------------------------------+-----
Fighting       | 2 3 4 5 6 7 8 9 |  9.0
Ranged Weapons | 5 6 7 9 10 12 14 15 16 17 | 17.1
Dodging        | 3 4 5 6 7 9 |  9.5
Stealth        | 2 3 4 |  4.7
Evocations     | 2 3 6 |  6.7
Invocations    | 2 4 6 7 |  7.1
Shields        | 2 3 |  3.1

Action                     |  1- 3 |  4- 6 |  7- 9 | 10-12 | 13-15 || total
---------------------------+-------+-------+-------+-------+-------++-------
   Fire: Shortbow          |   104 |   294 |   541 |   438 |       ||  1377
         Arbalest          |       |       |       |   256 |       ||   256
         Hand crossbow     |       |       |       |   220 |   127 ||   347
 Invoke: Heroism           |       |       |       |     1 |       ||     1
    Use: Scroll            |       |     6 |     2 |    13 |       ||    21
         Potion            |       |       |     2 |       |       ||     2
 Armour: Robe              |     7 |    40 |     7 |     6 |     3 ||    63
  Dodge: Dodged            |    41 |   322 |   171 |   483 |    93 ||  1110
  Block: Buckler           |       |       |       |    26 |    22 ||    48
